[Event "EYCC Open-U18 2019"]
[Site "Bratislava"]
[Date "2019.08.04"]
[Round "3.6"]
[White "Maksimovic, Bojan"]
[Black "Zarubitski, Viachaslau"]
[Result "0-1"]
[ECO "C95"]
[WhiteElo "2326"]
[BlackElo "2424"]
[Annotator "NA"]
[PlyCount "146"]
[EventDate "2019.08.02"]
[EventType "swiss"]
[EventCountry "SVK"]
[SourceTitle "playchess.com"]
[Source "ChessBase"]
[SourceQuality "1"]
[TimeControl "40/5400+30:1800+30"]

1. e4 e5 2. Nf3 Nc6 3. Bb5 a6 4. Ba4 Nf6 5. O-O Be7 6. Re1 b5 7. Bb3 d6 8. c3 O-O 9. h3 Nb8 10. d4 Nbd7 11. Nbd2 Bb7 12. Bc2 Re8 13. Nf1 Bf8 14. Ng3 g6 15. a4 Nb6 16. b3 bxa4 17. bxa4 a5 18. Bd3 Qc8 19. Ba3 Ba6 20. Bxa6 Qxa6 21. dxe5 dxe5 22. Bxf8 Kxf8 23. Qc1 Nc4 24. Qh6+ Kg8 25. Ng5 Qd6 26. Rad1 Qf8 27. Nf5 Qxh6 28. Nxh6+ Kg7 29. Ng4 Nxg4 30. hxg4 Nb6 31. Ra1 Red8 32. Nf3 f6 33. c4 Nd7 34. g5 Nc5 35. Reb1 c6 36. Rb6 Rd6 37. Rab1 h6 38. gxf6+ Kxf6 39. Rb8 Rd8 40. R8b6 Rd6 41. Rb8 Rd8 42. R8b6 Rdc8 43. Rd1 Ke6 44. Rd5 Nd7 45. Rxd7 Kxd7 46. Nxe5+ Kd6 47. f4 g5 48. g3 gxf4 49. gxf4 Kc5 50. Rb1 Kd4 51. Re1 c5 52. Kf2 Rf8 53. Nf3+ Kxc4 54. f5 Kb3 55. Ke3 Kxa4 56. Kf4 Kb3 57. e5 a4 58. e6 a3 59. e7 Rfe8 60. f6 a2 61. Kf5 a1=Q 62. Rxa1 Rxa1 63. f7 Raa8 64. Kf6 Ra6+ 65. Kf5 Raa8 66. Kf6 c4 67. Nd4+ Kb2 68. Ne6 c3 69. Nc7 Rxe7 70. Kxe7 Rh8 71. Kf6 c2 72. Kg7 Rd8 73. Ne6 c1=Q 0-1

[Event "EYCC Open-U18 2019"]
[Site "Bratislava"]
[Date "2019.08.04"]
[Round "3.7"]
[White "Kukas, Oliver"]
[Black "Kaasen, Tor Fredrik"]
[Result "0-1"]
[ECO "A14"]
[WhiteElo "2082"]
[BlackElo "2376"]
[Annotator "NA"]
[PlyCount "96"]
[EventDate "2019.08.02"]
[EventType "swiss"]
[EventCountry "SVK"]
[SourceTitle "playchess.com"]
[Source "ChessBase"]
[SourceQuality "1"]
[TimeControl "40/5400+30:1800+30"]

1. Nf3 Nf6 2. c4 e6 3. g3 d5 4. Bg2 Be7 5. O-O O-O 6. cxd5 exd5 7. d3 Re8 8. Qc2 c5 9. e4 Nc6 10. a3 Bg4 11. Nc3 dxe4 12. dxe4 Nd4 13. Nxd4 cxd4 14. Nd5 Nxd5 15. exd5 Bf6 16. Be4 Rc8 17. Qd3 Qb6 18. Bd2 g6 19. b4 Qa6 20. b5 Qa4 21. Rab1 Qc4 22. f3 Qxd3 23. Bxd3 Bf5 24. Bxf5 gxf5 25. Bb4 Re5 26. b6 axb6 27. d6 Rd5 28. Rfc1 Rc6 29. Kf2 Be5 30. Ke2 f4 31. Kd3 f5 32. gxf4 Bxf4 33. Rc4 Bxd6 34. Rg1+ Kf7 35. Rg2 Be5 36. f4 Bxf4 37. Rxd4 Rxd4+ 38. Kxd4 Re6 39. Kc4 Be3 40. Kd3 f4 41. Ke2 Rg6 42. Rxg6 Kxg6 43. Kf3 Kf5 44. a4 Ke5 45. h4 Kd5 46. h5 Kc4 47. Bd6 Kb3 48. Bxf4 Bxf4 0-1

[Event "EYCC Open-U18 2019"]
[Site "Bratislava"]
[Date "2019.08.04"]
[Round "3.8"]
[White "Vardanyan, Aras"]
[Black "Baenziger, Fabian"]
[Result "0-1"]
[ECO "D20"]
[WhiteElo "2027"]
[BlackElo "2352"]
[Annotator "NA"]
[PlyCount "68"]
[EventDate "2019.08.02"]
[EventType "swiss"]
[EventCountry "SVK"]
[SourceTitle "playchess.com"]
[Source "ChessBase"]
[SourceQuality "1"]
[TimeControl "40/5400+30:1800+30"]

1. d4 d5 2. c4 dxc4 3. e4 Nf6 4. e5 Nd5 5. Bxc4 Nb6 6. Bd3 Nc6 7. Ne2 Bg4 8. f3 Be6 9. Nbc3 Qd7 10. Ne4 Bd5 11. Be3 e6 12. O-O Nb4 13. Bb1 a5 14. a3 Nc6 15. Bd3 a4 16. Bb5 Ra5 17. N2c3 Bb3 18. Qc1 Rxb5 19. Nxb5 Bc4 20. Nec3 Na5 21. d5 Bxb5 22. dxe6 fxe6 23. Nxb5 Qxb5 24. Qxc7 Nd5 25. Qc8+ Kf7 26. Bf2 Qe8 27. Qc2 Qc6 28. Qe4 Nb3 29. Rad1 Be7 30. f4 g6 31. g4 Rg8 32. Rd3 Bc5 33. Rh3 Rg7 34. Rg3 Nd2 0-1

[Event "EYCC Open-U18 2019"]
[Site "Bratislava"]
[Date "2019.08.04"]
[Round "3.9"]
[White "Ciorgovean, Iustin"]
[Black "Van Foreest, Lucas"]
[Result "1/2-1/2"]
[ECO "E98"]
[WhiteElo "2330"]
[BlackElo "2521"]
[Annotator "ChessBase"]
[PlyCount "101"]
[EventDate "2019.08.02"]
[EventType "swiss"]
[EventCountry "SVK"]
[SourceTitle "playchess.com"]
[Source "ChessBase"]
[SourceQuality "1"]
[TimeControl "40/5400+30:1800+30"]

1. d4 Nf6 2. c4 g6 3. Nc3 Bg7 4. e4 d6 5. Nf3 O-O 6. Be2 e5 7. O-O Nc6 8. d5 Ne7 9. Ne1 Nd7 10. Nd3 f5 11. Bd2 Nf6 12. f3 f4 13. Rc1 g5 14. c5 Ng6 15. Nb5 Rf7 16. Ba5 b6 17. cxd6 cxd6 18. Be1 a6 19. Nc3 b5 20. Nb4 h5 21. a4 g4 22. Nc6 Qd7 23. axb5 axb5 24. Bxb5 Qb7 25. Kh1 g3 26. hxg3 fxg3 27. Bxg3 h4 28. Bf2 Nh5 29. Re1 Bh6 30. Ra1 Ng3+ 31. Kg1 Rxa1 32. Qxa1 Rg7 33. Qa7 Bd2 34. Qa5 Bxe1 35. Bxe1 Kh7 36. Qd8 Qa8 37. Na5 Nh5 38. Ne2 Qb8 39. Be8 Qxb2 40. Bxg6+ Rxg6 41. Qe7+ Rg7 42. Qxh4 Kg6 43. Qf2 Kf7 44. Nc4 Qb8 45. Qh4 Nf6 46. Ng3 Qc7 47. Nh5 Nxh5 48. Qxh5+ Kf8 49. Qh8+ Kf7 50. Qxc8 Qb7 51. Qxb7+ 1/2-1/2

[Event "EYCC Open-U18 2019"]
[Site "Bratislava"]
[Date "2019.08.04"]
[Round "3.10"]
[White "Nguyen, Thai Dai Van"]
[Black "Oboladze, Luka"]
[Result "1/2-1/2"]
[ECO "B33"]
[WhiteElo "2535"]
[BlackElo "2323"]
[Annotator "ChessBase"]
[PlyCount "45"]
[EventDate "2019.08.02"]
[EventType "swiss"]
[EventCountry "SVK"]
[SourceTitle "playchess.com"]
[Source "ChessBase"]
[SourceQuality "1"]
[TimeControl "40/5400+30:1800+30"]

1. e4 c5 2. Nf3 Nc6 3. d4 cxd4 4. Nxd4 Nf6 5. Nc3 e5 6. Ndb5 d6 7. Bg5 a6 8. Na3 b5 9. Nd5 Be7 10. Bxf6 Bxf6 11. c3 Bg5 12. Nc2 Rb8 13. Be2 O-O 14. O-O a5 15. b4 axb4 16. cxb4 Be6 17. a4 bxa4 18. Rxa4 Ne7 19. Bc4 Qd7 20. Ra6 Nxd5 21. Bxd5 Rfc8 22. Bxe6 Qxe6 23. Rxd6 1/2-1/2

[Event "EYCC Open-U18 2019"]
[Site "Bratislava"]
[Date "2019.08.04"]
[Round "3.11"]
[White "Engel, Luis"]
[Black "Martinez Fernandez, Adrian"]
[Result "1-0"]
[ECO "B12"]
[WhiteElo "2509"]
[BlackElo "2311"]
[Annotator "ChessBase"]
[PlyCount "67"]
[EventDate "2019.08.02"]
[EventType "swiss"]
[EventCountry "SVK"]
[SourceTitle "playchess.com"]
[Source "ChessBase"]
[SourceQuality "1"]
[TimeControl "40/5400+30:1800+30"]

1. e4 c6 2. d4 g6 3. Nc3 Bg7 4. f4 d5 5. e5 Nh6 6. Nf3 Bg4 7. Be2 f6 8. Be3 O-O 9. O-O Nd7 10. h3 Bxf3 11. Bxf3 Nf5 12. Bf2 fxe5 13. dxe5 e6 14. Ne2 g5 15. g3 Kh8 16. Kh1 Qe7 17. Qd3 Rad8 18. a4 b6 19. a5 gxf4 20. gxf4 Nh4 21. Bg4 Ng6 22. axb6 axb6 23. Bg3 c5 24. c4 d4 25. Qe4 Nb8 26. Rf3 Nh4 27. Bxh4 Qxh4 28. Bxe6 Rde8 29. Bg4 h5 30. Bf5 Re7 31. Rg1 Na6 32. Rfg3 Nc7 33. Qg2 Rg8 34. Rg6 1-0

[Event "EYCC Open-U18 2019"]
[Site "Bratislava"]
[Date "2019.08.04"]
[Round "3.12"]
[White "Garayev, Kanan"]
[Black "Schoppen, Casper"]
[Result "1/2-1/2"]
[ECO "E06"]
[WhiteElo "2351"]
[BlackElo "2493"]
[Annotator "ChessBase"]
[PlyCount "63"]
[EventDate "2019.08.02"]
[EventType "swiss"]
[EventCountry "SVK"]
[SourceTitle "playchess.com"]
[Source "ChessBase"]
[SourceQuality "1"]
[TimeControl "40/5400+30:1800+30"]

1. d4 Nf6 2. c4 e6 3. g3 d5 4. Nf3 Be7 5. Bg2 O-O 6. O-O dxc4 7. Qc2 b5 8. a4 b4 9. Nbd2 Bb7 10. Nxc4 c5 11. dxc5 Bxc5 12. Be3 Bxe3 13. Nxe3 Nbd7 14. Rfd1 Rc8 15. Qd2 Qe7 16. a5 Rfd8 17. a6 Be4 18. Qd6 Qxd6 19. Rxd6 Nb6 20. Rd4 Rxd4 21. Nxd4 Rc5 22. Nb3 Rc7 23. Bxe4 Nxe4 24. Rd1 Kf8 25. Rd4 Nc5 26. Nxc5 Rxc5 27. Rxb4 Ra5 28. Nc4 Nxc4 29. Rxc4 Rxa6 30. Rc7 Rb6 31. Rxa7 Rxb2 32. e3 1/2-1/2

[Event "EYCC Open-U18 2019"]
[Site "Bratislava"]
[Date "2019.08.04"]
[Round "3.13"]
[White "Gumularz, Szymon"]
[Black "Omorjan, Dejan"]
[Result "1/2-1/2"]
[ECO "B31"]
[WhiteElo "2502"]
[BlackElo "2317"]
[Annotator "ChessBase"]
[PlyCount "101"]
[EventDate "2019.08.02"]
[EventType "swiss"]
[EventCountry "SVK"]
[SourceTitle "playchess.com"]
[Source "ChessBase"]
[SourceQuality "1"]
[TimeControl "40/5400+30:1800+30"]

1. e4 c5 2. Nf3 Nc6 3. Bb5 g6 4. O-O Bg7 5. Nc3 e5 6. a3 Nge7 7. b4 d6 8. bxc5 dxc5 9. Bc4 O-O 10. d3 h6 11. Rb1 b6 12. Re1 Na5 13. Ba2 Bb7 14. Nd2 Ba6 15. Nd5 c4 16. dxc4 Rc8 17. a4 Nec6 18. Ba3 Re8 19. c5 Bf8 20. Qg4 bxc5 21. Nf3 Nc4 22. Ne3 N6a5 23. Rbd1 Qf6 24. Rd7 Nxe3 25. Rxe3 Bc4 26. Bxc4 Nxc4 27. Rc3 Nxa3 28. Rxa3 h5 29. Qg3 Qf4 30. Qxf4 exf4 31. Rxa7 Rxe4 32. Rd3 Rce8 33. g3 fxg3 34. hxg3 R8e7 35. Ra8 Re8 36. Rxe8 Rxe8 37. a5 c4 38. Rd5 Bb4 39. Ne5 Bc3 40. Nxc4 Re1+ 41. Kg2 Ra1 42. Rd8+ Kg7 43. Rd7 Kf6 44. Rd6+ Ke7 45. a6 Ra2 46. Rd3 Bb4 47. Rb3 Bc5 48. Ne5 Rxa6 49. Rb7+ Ke6 50. Nxf7 Ra2 51. Nd8+ 1/2-1/2

[Event "EYCC Open-U18 2019"]
[Site "Bratislava"]
[Date "2019.08.04"]
[Round "3.14"]
[White "Pechac, Jergus"]
[Black "Garanin, Aleksei"]
[Result "1/2-1/2"]
[ECO "E73"]
[WhiteElo "2469"]
[BlackElo "2192"]
[Annotator "ChessBase"]
[PlyCount "56"]
[EventDate "2019.08.02"]
[EventType "swiss"]
[EventCountry "SVK"]
[SourceTitle "playchess.com"]
[Source "ChessBase"]
[SourceQuality "1"]
[TimeControl "40/5400+30:1800+30"]

1. d4 Nf6 2. c4 g6 3. Nc3 Bg7 4. e4 O-O 5. Be2 d6 6. Be3 e5 7. d5 a5 8. g4 Na6 9. h4 Nd7 10. Qd2 Ndc5 11. h5 c6 12. f3 Rb8 13. O-O-O Bd7 14. Bh6 Bf6 15. Nh3 Re8 16. Kb1 Nc7 17. Ng5 cxd5 18. cxd5 b5 19. hxg6 fxg6 20. Rc1 b4 21. Nd1 Bb5 22. Nxh7 Kxh7 23. Bxb5 Nxb5 24. g5 Bg7 25. Qh2 Rh8 26. Rxc5 dxc5 27. Bxg7+ Kxg7 28. Qxe5+ Kf7 1/2-1/2

[Event "EYCC Open-U18 2019"]
[Site "Bratislava"]
[Date "2019.08.04"]
[Round "3.15"]
[White "Zabolotnov, Evgeny"]
[Black "Gaifullin, Artur"]
[Result "0-1"]
[ECO "D38"]
[WhiteElo "2284"]
[BlackElo "2453"]
[Annotator "ChessBase"]
[PlyCount "129"]
[EventDate "2019.08.02"]
[EventType "swiss"]
[EventCountry "SVK"]
[SourceTitle "playchess.com"]
[Source "ChessBase"]
[SourceQuality "1"]
[TimeControl "40/5400+30:1800+30"]

1. d4 Nf6 2. c4 e6 3. Nf3 d5 4. Nc3 Bb4 5. Qa4+ Nc6 6. e3 O-O 7. Bd2 a6 8. Qc2 dxc4 9. Bxc4 Bd6 10. O-O b5 11. Be2 Bb7 12. Ne4 Nxe4 13. Qxe4 Rb8 14. Bd3 g6 15. Qg4 e5 16. d5 Bc8 17. Qg5 Be7 18. Qh6 Qxd5 19. Bc2 Bg4 20. Bb3 Qd6 21. Rfd1 Bxf3 22. gxf3 Qf6 23. Bd5 Rfd8 24. Bc3 Rxd5 25. Rxd5 Qxf3 26. Rxe5 Nxe5 27. Bxe5 Qg4+ 28. Kf1 f6 29. Bg3 Rd8 30. Qf4 Qxf4 31. Bxf4 Rd2 32. b3 c5 33. e4 Rc2 34. Kg2 Kf7 35. Kf3 Ke6 36. Be3 g5 37. Rc1 Rxc1 38. Bxc1 h5 39. h3 Bd6 40. Ke2 Be5 41. f3 Bd4 42. Kd3 Ke5 43. Bd2 Bg1 44. Bc1 Ke6 45. Bd2 Kf7 46. Bc1 Kg6 47. Bd2 f5 48. exf5+ Kxf5 49. Bc1 Bh2 50. Be3 Bd6 51. Bd2 Bf4 52. Bc3 Bc1 53. Kc2 Be3 54. Kd3 Kf4 55. Ke2 Bd4 56. Bd2+ Kg3 57. Bxg5 Kxh3 58. Kd3 h4 59. b4 Kg3 60. Be7 h3 61. bxc5 Kxf3 62. Kxd4 h2 63. c6 h1=Q 64. Kc5 Qh3 65. Kd4 0-1

[Event "EYCC Open-U18 2019"]
[Site "Bratislava"]
[Date "2019.08.04"]
[Round "3.16"]
[White "Papp, Levente"]
[Black "Bronstein, Or"]
[Result "1/2-1/2"]
[ECO "A10"]
[WhiteElo "2362"]
[BlackElo "2378"]
[Annotator "NA"]
[PlyCount "55"]
[EventDate "2019.08.02"]
[EventType "swiss"]
[EventCountry "SVK"]
[SourceTitle "playchess.com"]
[Source "ChessBase"]
[SourceQuality "1"]
[TimeControl "40/5400+30:1800+30"]

1. c4 g6 2. g3 c6 3. Bg2 d5 4. cxd5 cxd5 5. d4 Bg7 6. Nc3 Nf6 7. Nf3 O-O 8. O-O Ne4 9. Nxe4 dxe4 10. Ng5 Qxd4 11. Qxd4 Bxd4 12. Rd1 Nc6 13. Bxe4 Bg7 14. Rb1 h6 15. Nf3 Be6 16. b3 f5 17. Bxc6 bxc6 18. Bb2 Bd5 19. Bxg7 Kxg7 20. Ne5 g5 21. Rbc1 Rfc8 22. Rc3 a5 23. f3 a4 24. bxa4 Bxa2 25. Rxc6 Rxc6 26. Nxc6 Kf6 27. Rd4 Bb3 28. Rb4 {[%emt 0:09:53] Ke5} 1/2-1/2

[Event "EYCC Open-U18 2019"]
[Site "Bratislava"]
[Date "2019.08.04"]
[Round "3.17"]
[White "Gorshtein, Ido"]
[Black "Stevanic, David"]
[Result "1-0"]
[ECO "C47"]
[WhiteElo "2367"]
[BlackElo "2306"]
[Annotator "NA"]
[PlyCount "79"]
[EventDate "2019.08.02"]
[EventType "swiss"]
[EventCountry "SVK"]
[SourceTitle "playchess.com"]
[Source "ChessBase"]
[SourceQuality "1"]
[TimeControl "40/5400+30:1800+30"]

1. e4 e5 2. Nf3 Nc6 3. Nc3 Nf6 4. Be2 d5 5. exd5 Nxd5 6. O-O Nxc3 7. bxc3 Bd6 8. d4 O-O 9. Rb1 e4 10. Ng5 Qe7 11. f3 e3 12. Ne4 Bf4 13. g3 Bh6 14. Qd3 f5 15. Nc5 f4 16. g4 b6 17. Ne4 Nd8 18. c4 Qh4 19. Rb5 Nf7 20. Rh5 Qd8 21. Ba3 Re8 22. d5 Re5 23. Rxe5 Nxe5 24. Qd4 Nf7 25. Bb2 Qe7 26. h4 Qxh4 27. Kg2 Bd7 28. Rh1 Qe7 29. d6 cxd6 30. Rxh6 Nxh6 31. Qd5+ Be6 32. Qxa8+ Kf7 33. Qc6 d5 34. cxd5 Bd7 35. Nd6+ Kg8 36. Qa8+ Qf8 37. Qxf8+ Kxf8 38. Be5 g5 39. Bf6 Nxg4 40. Bxg5 1-0

[Event "EYCC Open-U18 2019"]
[Site "Bratislava"]
[Date "2019.08.04"]
[Round "3.18"]
[White "Kotau, Arseni"]
[Black "Ludvik, Tomas"]
[Result "1-0"]
[ECO "E81"]
[WhiteElo "2227"]
[BlackElo "2334"]
[Annotator "NA"]
[PlyCount "77"]
[EventDate "2019.08.02"]
[EventType "swiss"]
[EventCountry "SVK"]
[SourceTitle "playchess.com"]
[Source "ChessBase"]
[SourceQuality "1"]
[TimeControl "40/5400+30:1800+30"]

1. d4 Nf6 2. c4 g6 3. Nc3 Bg7 4. e4 d6 5. f3 O-O 6. Nge2 c5 7. Be3 Nc6 8. d5 Ne5 9. Ng3 h5 10. Be2 h4 11. Nf1 e6 12. Nd2 exd5 13. cxd5 a6 14. a4 Bd7 15. O-O h3 16. g4 Qc8 17. a5 Nh7 18. Na4 Bxa4 19. Qxa4 f5 20. gxf5 gxf5 21. f4 Ng6 22. Nc4 Qc7 23. Bh5 Ne7 24. e5 Nxd5 25. exd6 Qd8 26. Qb3 Nxe3 27. Nxe3+ Kh8 28. Nc4 Qh4 29. Bg6 Bd4+ 30. Kh1 Rf6 31. Qxb7 Rxg6 32. Qxa8+ Rg8 33. Qf3 Rg4 34. Ne5 Bxe5 35. fxe5 Qg5 36. Rg1 Qh5 37. Rxg4 fxg4 38. Qa8+ Kg7 39. d7 1-0

[Event "EYCC Open-U18 2019"]
[Site "Bratislava"]
[Date "2019.08.04"]
[Round "3.19"]
[White "Brinovec, David"]
[Black "Blohberger, Felix"]
[Result "0-1"]
[ECO "A45"]
[WhiteElo "2205"]
[BlackElo "2476"]
[Annotator "ChessBase"]
[PlyCount "84"]
[EventDate "2019.08.02"]
[EventType "swiss"]
[EventCountry "SVK"]
[SourceTitle "playchess.com"]
[Source "ChessBase"]
[SourceQuality "1"]
[TimeControl "40/5400+30:1800+30"]

1. d4 Nf6 2. Nc3 d5 3. Bf4 c5 4. e3 cxd4 5. exd4 a6 6. Nf3 Nc6 7. h3 e6 8. Bd3 Bd6 9. Qd2 Qc7 10. Bxd6 Qxd6 11. O-O O-O 12. Qe3 Bd7 13. Ne5 Qb4 14. Ne2 Ne7 15. c3 Qb6 16. Rab1 Bb5 17. Bc2 Qc7 18. Rfe1 Bxe2 19. Rxe2 Nd7 20. f4 Rae8 21. Rf1 Nf5 22. Qd3 Nf6 23. Qf3 Nd6 24. Rc1 b5 25. b3 Rc8 26. Bb1 Qa7 27. a3 a5 28. Qe3 Rc7 29. g4 Rfc8 30. g5 Nfe4 31. Bxe4 dxe4 32. Rec2 a4 33. b4 Qb7 34. Re2 Qd5 35. c4 bxc4 36. Rec2 Nf5 37. Qc3 Qxd4+ 38. Qxd4 Nxd4 39. b5 Nxc2 40. Rxc2 Rb8 41. Rd2 c3 42. b6 cxd2 0-1

[Event "EYCC Open-U18 2019"]
[Site "Bratislava"]
[Date "2019.08.04"]
[Round "3.20"]
[White "Erenberg, Ariel"]
[Black "Akdogan, Alperen"]
[Result "1/2-1/2"]
[ECO "E15"]
[WhiteElo "2442"]
[BlackElo "2193"]
[Annotator "NA"]
[PlyCount "62"]
[EventDate "2019.08.02"]
[EventType "swiss"]
[EventCountry "SVK"]
[SourceTitle "playchess.com"]
[Source "ChessBase"]
[SourceQuality "1"]
[TimeControl "40/5400+30:1800+30"]

1. d4 Nf6 2. c4 e6 3. Nf3 b6 4. g3 Ba6 5. b3 Bb4+ 6. Bd2 Be7 7. Bg2 c6 8. O-O O-O 9. Bc3 d5 10. Nbd2 Nbd7 11. Re1 c5 12. e4 Nxe4 13. Nxe4 dxe4 14. Rxe4 Bb7 15. Re3 Bf6 16. Rc1 cxd4 17. Bxd4 Qc7 18. Bxf6 Nxf6 19. Qc2 Rfd8 20. Ne5 Bxg2 21. Kxg2 Rac8 22. Qb2 Qb7+ 23. Kg1 Rd6 24. Re2 Rcd8 25. Qc2 Nd7 26. Nxd7 Qxd7 27. b4 Rd1+ 28. Rxd1 Qxd1+ 29. Kg2 h6 30. Qe4 Qd3 31. c5 Qxe4+ 1/2-1/2

[Event "EYCC Open-U18 2019"]
[Site "Bratislava"]
[Date "2019.08.04"]
[Round "3.21"]
[White "Ghersinich, Enrico"]
[Black "Petriashvili, Nikoloz"]
[Result "0-1"]
[ECO "D81"]
[WhiteElo "2221"]
[BlackElo "2451"]
[Annotator "ChessBase"]
[PlyCount "124"]
[EventDate "2019.08.02"]
[EventType "swiss"]
[EventCountry "SVK"]
[SourceTitle "playchess.com"]
[Source "ChessBase"]
[SourceQuality "1"]
[TimeControl "40/5400+30:1800+30"]

1. d4 Nf6 2. c4 g6 3. Nc3 d5 4. Qb3 c6 5. e3 Bg7 6. Nf3 O-O 7. Be2 Qb6 8. Qxb6 axb6 9. cxd5 Nxd5 10. Nxd5 cxd5 11. Bd2 Nc6 12. O-O Bd7 13. Rfc1 Rfc8 14. Rc3 Na5 15. Rac1 Nc4 16. b3 Nxd2 17. Rxc8+ Bxc8 18. Nxd2 Bd7 19. a4 e6 20. g4 Bf6 21. Kg2 Kf8 22. Nb1 Be7 23. Nd2 g5 24. Nf3 f6 25. Bd3 h6 26. h4 Rc8 27. Rxc8+ Bxc8 28. hxg5 hxg5 29. Ne1 Kf7 30. f4 gxf4 31. exf4 Bd6 32. f5 Kg7 33. Kf3 Kh6 34. Nc2 e5 35. Be2 Bd7 36. Ke3 Kg5 37. Ne1 e4 38. Ng2 Ba3 39. Kd2 Bb2 40. Ke3 Bc1+ 41. Kf2 Bb2 42. Ke3 Bc3 43. Nf4 Bd2+ 44. Kxd2 Kxf4 45. Bd1 b5 46. a5 b4 47. Be2 Bc6 48. Ke1 e3 49. Kf1 Be8 50. Kg2 Ke4 51. Kg3 Kxd4 52. Kf4 Bf7 53. Bf1 Kc3 54. Kxe3 d4+ 55. Kf4 d3 56. g5 fxg5+ 57. Ke5 d2 58. Be2 Bxb3 59. f6 Bg8 60. Kd6 b3 61. a6 bxa6 62. Ke7 b2 0-1

[Event "EYCC Open-U18 2019"]
[Site "Bratislava"]
[Date "2019.08.04"]
[Round "3.22"]
[White "Chatzieleftheriou, Andreas"]
[Black "Travadon, Loic"]
[Result "0-1"]
[ECO "B20"]
[WhiteElo "2208"]
[BlackElo "2403"]
[Annotator "NA"]
[PlyCount "92"]
[EventDate "2019.08.02"]
[EventType "swiss"]
[EventCountry "SVK"]
[SourceTitle "playchess.com"]
[Source "ChessBase"]
[SourceQuality "1"]
[TimeControl "40/5400+30:1800+30"]

1. e4 c5 2. Be2 Nc6 3. d3 g6 4. f4 Bg7 5. Nf3 e6 6. O-O Nge7 7. c3 d5 8. Be3 d4 9. Bf2 O-O 10. Qd2 b6 11. Na3 Ba6 12. Nc2 dxc3 13. bxc3 Qc7 14. g3 Na5 15. Rac1 Rfd8 16. d4 Bb7 17. Qe3 cxd4 18. cxd4 Qc6 19. d5 exd5 20. Ncd4 Qe8 21. e5 Nc4 22. Qb3 Rac8 23. Rfd1 Nc6 24. Nxc6 Bxc6 25. Nd4 Ba4 26. Qb1 Bxd1 27. Rxd1 Rc5 28. h4 Ra5 29. h5 Ra3 30. hxg6 hxg6 31. Nb5 Ra5 32. Nd4 Ra4 33. Kg2 Ra3 34. Rh1 Ne3+ 35. Bxe3 Rxe3 36. Qg1 Re4 37. Bb5 Qe7 38. Bd3 Qa3 39. Bxe4 dxe4 40. Kh3 Qa4 41. Ne2 Rd3 42. Qg2 Rd2 43. Re1 Rxa2 44. Qf2 Qd7+ 45. Kg2 Bf8 46. Qe3 Qd3 0-1

[Event "EYCC Open-U18 2019"]
[Site "Bratislava"]
[Date "2019.08.04"]
[Round "3.23"]
[White "Mitsis, Georgios"]
[Black "Mirri, Pietro"]
[Result "1/2-1/2"]
[ECO "D37"]
[WhiteElo "2399"]
[BlackElo "2194"]
[Annotator "NA"]
[PlyCount "112"]
[EventDate "2019.08.02"]
[EventType "swiss"]
[EventCountry "SVK"]
[SourceTitle "playchess.com"]
[Source "ChessBase"]
[SourceQuality "1"]
[TimeControl "40/5400+30:1800+30"]

1. d4 d5 2. Nf3 Nf6 3. c4 e6 4. Nc3 Be7 5. Bf4 O-O 6. e3 b6 7. Bd3 Bb7 8. cxd5 exd5 9. O-O c5 10. Ne5 Nc6 11. Qa4 Nxe5 12. dxe5 Nh5 13. Be2 Nxf4 14. Qxf4 Qd7 15. Bg4 Qc6 16. Bf3 Rad8 17. Rfd1 Qe6 18. Nb5 Qd7 19. a4 a6 20. Nc3 Qe6 21. Rd3 f6 22. exf6 Bxf6 23. Bg4 Qc6 24. Qg3 d4 25. Bf3 Qc8 26. Bxb7 Qxb7 27. exd4 Bxd4 28. Rf1 c4 29. Rd2 b5 30. axb5 axb5 31. Rfd1 Qb6 32. Qh4 Bf6 33. Qe4 Bxc3 34. bxc3 Rde8 35. Qd5+ Kh8 36. g3 h6 37. h4 Qf6 38. Qxb5 Qxc3 39. Qc5 Rc8 40. Qa7 Qf3 41. Rc1 c3 42. Rd7 Qg4 43. Qd4 Qxd4 44. Rxd4 Rf7 45. Rc2 Kh7 46. Rd3 Rfc7 47. Kf1 Kg6 48. Ke2 Kf5 49. Kf3 Rc5 50. Re3 h5 51. Re7 R8c7 52. Re3 g5 53. hxg5 Kxg5 54. Rd3 Kf5 55. Re3 Rc8 56. Ke2 R8c7 1/2-1/2

[Event "EYCC Open-U18 2019"]
[Site "Bratislava"]
[Date "2019.08.04"]
[Round "3.24"]
[White "Gatineau, Yovann"]
[Black "Brozyna, Mateusz"]
[Result "1-0"]
[ECO "D00"]
[WhiteElo "2364"]
[BlackElo "2258"]
[Annotator "NA"]
[PlyCount "57"]
[EventDate "2019.08.02"]
[EventType "swiss"]
[EventCountry "SVK"]
[SourceTitle "playchess.com"]
[Source "ChessBase"]
[SourceQuality "1"]
[TimeControl "40/5400+30:1800+30"]

1. d4 d5 2. Bf4 Nf6 3. e3 e6 4. Nf3 Bd6 5. Bg3 O-O 6. Nbd2 c5 7. c3 Nc6 8. Bd3 b6 9. e4 dxe4 10. Nxe4 Be7 11. Qe2 Bb7 12. dxc5 bxc5 13. Rd1 Qb6 14. O-O Rad8 15. Rfe1 Kh8 16. h4 Na5 17. Nxf6 gxf6 18. Bb1 Rxd1 19. Rxd1 Rd8 20. Re1 Bd6 21. Qd3 f5 22. Ne5 Be4 23. Qe3 Qc7 24. Qg5 Nc6 25. Qf6+ Kg8 26. Rxe4 fxe4 27. Nxc6 Rd7 28. Ne5 e3 29. fxe3 1-0

[Event "EYCC Open-U18 2019"]
[Site "Bratislava"]
[Date "2019.08.04"]
[Round "3.25"]
[White "Stijve, Theo"]
[Black "Santryan, Davit"]
[Result "0-1"]
[ECO "C84"]
[WhiteElo "2336"]
[BlackElo "2167"]
[Annotator "NA"]
[PlyCount "170"]
[EventDate "2019.08.02"]
[EventType "swiss"]
[EventCountry "SVK"]
[SourceTitle "playchess.com"]
[Source "ChessBase"]
[SourceQuality "1"]
[TimeControl "40/5400+30:1800+30"]

1. e4 e5 2. Nf3 Nc6 3. Bb5 a6 4. Ba4 Nf6 5. O-O Be7 6. d3 b5 7. Bb3 d6 8. a3 O-O 9. Nc3 Nb8 10. h3 Bb7 11. Re1 Nbd7 12. Ba2 c6 13. d4 Qc7 14. dxe5 dxe5 15. Nh4 g6 16. Bh6 Rfe8 17. Nf3 Bf8 18. Qd2 Rad8 19. Bxf8 Nxf8 20. Qg5 Kg7 21. Rad1 h6 22. Qe3 c5 23. Nd5 Bxd5 24. Bxd5 Nxd5 25. exd5 e4 26. Nd2 f5 27. f3 Rxd5 28. fxe4 Rde5 29. Qc3 Kg8 30. Qg3 Qe7 31. Re3 Kh7 32. Rde1 Nd7 33. Rf1 Nf6 34. Qh4 Nd5 35. Qxe7+ R8xe7 36. Rd3 fxe4 37. Nxe4 Rxe4 38. Rxd5 c4 39. c3 Kg7 40. Rd6 R4e6 41. Rd2 h5 42. Rf4 Re2 43. Rfd4 Rxd2 44. Rxd2 Re6 45. Kf2 Kf6 46. g3 Ke5 47. h4 Rd6 48. Re2+ Kf5 49. Kf3 Rd3+ 50. Kf2 Kg4 51. Re6 Rf3+ 52. Ke1 Rxg3 53. Rxg6+ Kxh4 54. Rxa6 Rg2 55. a4 Rxb2 56. axb5 Rxb5 57. Re6 Kg3 58. Re3+ Kf4 59. Rh3 Kg4 60. Re3 Rf5 61. Re8 Kf3 62. Kf1 h4 63. Kg1 Rf4 64. Rd8 Kg3 65. Rg8+ Kf3 66. Rd8 Ke2 67. Kg2 Rf3 68. Re8+ Re3 69. Rf8 h3+ 70. Kh2 Rxc3 71. Rf4 Kd2 72. Rf2+ Kc1 73. Kh1 Kb1 74. Rf4 Kb2 75. Rf2+ Kb3 76. Rf8 Rd3 77. Rb8+ Kc2 78. Kh2 c3 79. Rf8 Kb2 80. Rb8+ Kc1 81. Rc8 c2 82. Rf8 Kb2 83. Rb8+ Rb3 84. Ra8 c1=Q 85. Ra2+ Kc3 0-1

[Event "EYCC Open-U18 2019"]
[Site "Bratislava"]
[Date "2019.08.04"]
[Round "3.26"]
[White "Bekasovs, Rihards"]
[Black "Kozak, Antoni"]
[Result "0-1"]
[ECO "A89"]
[WhiteElo "2144"]
[BlackElo "2365"]
[Annotator "NA"]
[PlyCount "72"]
[EventDate "2019.08.02"]
[EventType "swiss"]
[EventCountry "SVK"]
[SourceTitle "playchess.com"]
[Source "ChessBase"]
[SourceQuality "1"]
[TimeControl "40/5400+30:1800+30"]

1. Nf3 d6 2. d4 f5 3. g3 g6 4. Bg2 Nf6 5. O-O Bg7 6. c4 O-O 7. Nc3 Nc6 8. d5 Na5 9. Qd3 e5 10. dxe6 Bxe6 11. b3 Nc6 12. Bb2 Ng4 13. e3 g5 14. Nd4 Bd7 15. Nxc6 Bxc6 16. Qe2 Bxg2 17. Kxg2 Qd7 18. h3 Ne5 19. f4 gxf4 20. exf4 Nc6 21. Nd5 Rae8 22. Qf2 Nd8 23. Rae1 Ne6 24. Bxg7 Qxg7 25. Qf3 c6 26. Nc3 Nc5 27. Rxe8 Rxe8 28. Rd1 Re6 29. b4 Ne4 30. Nxe4 Rxe4 31. Qd3 Qb2+ 32. Rd2 Qxb4 33. Rc2 Qc5 34. Qc3 Qd4 35. Qb3 Re3 36. Qb2 Qd3 0-1